 Dungeon Crawl Stone Soup version 0.27.1-35-g4d5d836560 (webtiles) character file.

Game seed: 3135039485941350112

70 Froggeryz the Cudgeller (level 4, 0/31 HPs)
             Began as an Octopode Berserker on Sept 13, 2022.
             Was a Follower of Trog.
             Succumbed to an adder's poison
             ... on level 2 of the Dungeon.
             The game lasted 00:01:00 (1082 turns).

Froggeryz the Cudgeller (Octopode Berserker)        Turns: 1082, Time: 00:01:01

Health: 0/31       AC:  1    Str: 16    XL:     4   Next: 22%
Magic:  4/4        EV: 13    Int:  9    God:    Trog [*.....]
Gold:   54         SH:  0    Dex: 12    Spells: 3/3 levels left

rFire    . . .     SeeInvis .   a - +0 mace
rCold    . . .     Faith    .   (no shield)
rNeg     . . .     Spirit   .   (helmet restricted)
rPois    .         Reflect  .   (no amulet)
rElec    .         Harm     .   (no ring)
rCorr    .         Rampage  .   (no ring)
Will     .....                  (no ring)
Stlth    ++........             (no ring)
HPRegen  0.10/turn              (no ring)
MPRegen  0.09/turn              (no ring)
                                (no ring)
                                (no ring)

@: lethally poisoned (0 -> -3)
A: almost no armour, amphibious, 8 rings, camouflage 1, gelatinous body 1,
(nimble swimmer 1), tentacles
a: Renounce Religion, Berserk


You were on level 2 of the Dungeon.
You worshipped Trog.
Trog was aware of your devotion.
You visited 1 branch of the dungeon, and saw 2 of its levels.

You collected 54 gold pieces.

Inventory:

Hand Weapons
 a - a +0 mace (weapon)
Missiles
 e - 2 boomerangs (quivered)
Scrolls
 b - a scroll of enchant armour {unknown}
 d - a scroll of teleportation {unknown}
 f - a scroll of identify {unknown}


   Skills:
 - Level 3.0 Fighting
 * Level 4.6 Maces & Flails
 + Level 1.4 Throwing
 - Level 3.0 Dodging


You had 3 spell levels left.
You didn't know any spells.
Your spell library was empty.

Dungeon Overview and Level Annotations

Branches:
Dungeon (2/15)

Altars:


Innate Abilities, Weirdness & Mutations

You cannot wear most types of armour.
You are amphibious.
You can wear up to eight rings at the same time.
Your skin changes colour to match your surroundings (Stealth+).
Your rubbery body absorbs attacks. (AC +1, EV +1)
((You are camouflaged near water. (Stealth+)))
You have tentacles for arms and can constrict up to eight enemies at once.


Message History

You are too injured to fight recklessly!
You are too injured to fight recklessly!
You are too injured to fight recklessly!
You are too injured to fight recklessly!
You are too injured to fight recklessly!
You are too injured to fight recklessly!
You are too injured to fight recklessly!
You are too injured to fight recklessly!
You are too injured to fight recklessly!
You sock the adder!
You kill the adder!
Trog accepts your kill.
* * * LOW HITPOINT WARNING * * *
You feel sick. The quokka closely misses you. The quokka bites you.
* * * LOW HITPOINT WARNING * * *
Okay, then.
You sock the quokka!
You kill the quokka!
Trog accepts your kill.
* * * LOW HITPOINT WARNING * * *
You feel sick.
Okay, then.
You aren't carrying any potions.
As you read the scroll labelled NOUMMI MUJIO, it crumbles to dust.
Wisps of shadow whirl around you...
It was a scroll of summoning.
* * * LOW HITPOINT WARNING * * *
You feel sick.
Okay, then.
* * * LOW HITPOINT WARNING * * *
You feel sick.
You swap places.
A worm comes into view.
* * * LOW HITPOINT WARNING * * *
You feel sick.
Throw: 2 boomerangs
Press: ? - help, Q - select action Shift-Dir - straight line, f - worm
Aim: a worm (asleep, 98% to hit)
You throw a boomerang. The boomerang hits the worm!
The worm is heavily wounded.
You die...

......###...(....##...#
....... ##........##...#
....... #....(....##....
....... #.........##....
.......##...#...........
.......#................
........................
.......gK.........#.....
.......@..†......###....
.......#......... #....
w......#)........ #....
.###...#......... #....
#...#......... #....
#...#......... #....
#...#......... #....
#... #######


You could see a worm (ally target), a friendly hobgoblin (summoned) and a
friendly kobold (summoned).

Vanquished Creatures
  An iguana (D:2)
  2 adders (D:2)
  A dart slug (D:1)
  3 bats
  3 endoplasms
  A giant cockroach (D:2)
  3 jackals (D:2)
  A kobold (D:1)
  A quokka (D:2)
  A ball python (D:1)
  A frilled lizard (D:1)
  3 goblins (D:1)
  3 rats (D:1)
24 creatures vanquished.

Notes
Turn   | Place    | Note
-------+----------+-------------------------------------------
     0 | D:1      | Froggeryz the Octopode Berserker began the quest for the
                  | Orb.
     0 | D:1      | Reached XP level 1. HP: 16/16 MP: 1/1
   198 | D:1      | Reached XP level 2. HP: 17/21 MP: 2/2
   598 | D:2      | Reached skill level 4 in Maces & Flails
   598 | D:2      | Reached XP level 3. HP: 18/26 MP: 3/3
   719 | D:2      | Reached skill level 1 in Throwing
   922 | D:2      | Reached XP level 4. HP: 26/31 MP: 4/4
  1081 | D:2      | HP: 1/31 [poisoned by an adder]
  1082 | D:2      | Succumbed to an adder's poison

Illustrated notes

Levels and vault maps discovered:
D:1:      psy_arrival_heroes, layout_basic
D:2:      layout_basic

Skill      XL: |  1  2  3 |
---------------+----------+-----
Maces & Flails | 4 |  4.6
Throwing       | 1 |  1.4
Fighting       | |  3.0
Dodging        | |  3.0

Action                   |  1- 3 |  4- 6 || total
-------------------------+-------+-------++-------
Melee: Mace              |    35 |     7 ||    42
       Constrict         |     5 |     1 ||     6
       Tentacles         |     2 |     1 ||     3
Throw: Boomerang         |       |     1 ||     1
  Use: Scroll            |       |     1 ||     1
 Stab: Sleeping          |     2 |       ||     2
Armor: Skin              |     3 |       ||     3
Dodge: Dodged            |    20 |     2 ||    22
